 Dungeon Crawl Stone Soup version 0.28.0 (webtiles) character file.

Game seed: 6611891750392267164

218 SnakkuSnakku7 the Skirmisher (level 5, 0/43 HPs)
             Began as a Merfolk Arcane Marksman on Feb 12, 2022.
             Slain by a sickly merfolk siren (16 damage)
             ... in a sewer.
             The game lasted 00:05:31 (3834 turns).

SnakkuSnakku7 the Skirmisher (MfAM)                 Turns: 3834, Time: 00:05:31

Health: 0/43       AC:  6    Str: 12    XL:     5   Next: 95%
Magic:  6/6        EV: 11    Int: 13    God:
Gold:   60         SH:  0    Dex: 14    Spells: 6/6 levels left

rFire   . . .      SeeInvis .   q - +0 rapier
rCold   . . .      Faith    .   (no shield)
rNeg    . . .      Spirit   .   k - +0 scale mail
rPois   .          Reflect  .   (no helmet)
rElec   .          Harm     .   (no cloak)
rCorr   .          Rampage  .   (no gloves)
Will    .....                   (boots currently unavailable)
Stlth   +.........              (no amulet)
HPRegen 0.14/turn               (no ring)
MPRegen 0.10/turn               (no ring)

@: mesmerised, very quick
A: nimble swimmer 2, mertail
a: no special abilities


You were in a sewer.
You visited 1 branch of the dungeon, and saw 3 of its levels.
You also visited: Sewer.

You collected 138 gold pieces.
You spent 78 gold pieces at shops.

Inventory:

Hand Weapons
 d - a +0 dagger
 j - a +0 short sword
 q - a +0 rapier (weapon)
Missiles
 b - 5 javelins (quivered)
 c - a throwing net
Armour
 a - a +0 robe
 k - a +0 scale mail (worn)
 l - a +0 pair of boots (melded)
 n - a +0 ring mail
Scrolls
 g - a scroll of amnesia
 m - a scroll of silence {unknown}
 p - a scroll of teleportation {unknown}
Potions
 e - 2 potions of heal wounds
 f - 3 potions of curing {unknown}
 h - a potion of mutation
 i - a potion of might
 o - a potion of attraction


   Skills:
 + Level 4.9 Fighting
 - Level 4.0 Throwing
 - Level 2.6 Dodging
 - Level 1.0 Spellcasting
 - Level 3.0 Hexes


You had 6 spell levels left.
You didn't know any spells.
Your spell library contained the following spells:

 Spells                   Type           Power      Damage    Failure   Level
 Slow                     Hex            32%        N/A       41%         1
 Inner Flame              Hex/Fire       4%         N/A       94%         3
 Portal Projectile        Hex/Tloc       8%         N/A       94%         3
 Cause Fear               Hex            4%         N/A       99%         4


Dungeon Overview and Level Annotations

Branches:
Dungeon (3/15)              Sewer (1/1)

Altars:
Gozag

Shops:
D:1 !!?((


Innate Abilities, Weirdness & Mutations

You are very nimble when in or above water. (Stealth+, EV+, Speed+++)
Your lower body shifts to a powerful aquatic tail in water.


Message History

You kill the rat!
The sickly merfolk siren chants its luring song. x2
You closely miss the sickly merfolk siren.
The sickly merfolk siren chants its luring song.
You closely miss the sickly merfolk siren.
The sickly merfolk siren chants its luring song. x2
You hit the sickly merfolk siren.
The sickly merfolk siren is lightly wounded.
The sickly merfolk siren chants its luring song.
You miss the sickly merfolk siren.
Your punch misses the sickly merfolk siren.
The sickly merfolk siren is lightly wounded.
The sickly merfolk siren barely misses you.
You hit the sickly merfolk siren but do no damage.
The sickly merfolk siren is lightly wounded.
The sickly merfolk siren chants its luring song.
You closely miss the sickly merfolk siren.
You tail-slap the sickly merfolk siren.
The sickly merfolk siren is moderately wounded.
The sickly merfolk siren hits you with a +0 vampiric spear!
You are too injured to fight recklessly!
You are too injured to fight recklessly!
You are too injured to fight recklessly!
You are too injured to fight recklessly!
You closely miss the sickly merfolk siren.
The sickly merfolk siren is moderately wounded.
The sickly merfolk siren chants its luring song. x2
You hit the sickly merfolk siren but do no damage.
The sickly merfolk siren is lightly wounded.
The sickly merfolk siren chants its luring song.
You barely miss the sickly merfolk siren.
The sickly merfolk siren is lightly wounded.
The sickly merfolk siren chants its luring song.
You barely miss the sickly merfolk siren.
The sickly merfolk siren is lightly wounded.
The sickly merfolk siren chants its luring song.
You hit the sickly merfolk siren but do no damage.
The sickly merfolk siren is lightly wounded.
The sickly merfolk siren hits you with a +0 vampiric spear!
You die...

#### ##.≈##
###.≈≈≈###
...≈≈≈≈∩∩#
##########
≈≈≈≈≈≈≈##########
..≈†≈≈≈≈≈†≈≈≈†≈≈#
#############†≈≈###
# #.#≈@≈###≈##
#.##†m≈≈≈≈≈≈
#.......≈≈≈≈
#######...≈≈ #...≈
##.. #


You could see a sickly merfolk siren (mesmerising).

Vanquished Creatures
  Natasha (thrice) (D:2 D:1)
  6 adders
  2 river rats
  2 dart slugs (D:1)
  3 ball pythons (Sewer)
  2 endoplasms
  3 giant cockroaches
  7 goblins
  7 hobgoblins
  3 jackals (D:1)
  2 quokkas
  2 bats
  5 frilled lizards
  7 kobolds
  25 rats
79 creatures vanquished.

Notes
Turn   | Place    | Note
-------+----------+-------------------------------------------
     0 | D:1      | SnakkuSnakku7 the Merfolk Arcane Marksman began the quest
                  | for the Orb.
     0 | D:1      | Reached XP level 1. HP: 15/15 MP: 2/2
   265 | D:1      | Reached XP level 2. HP: 10/21 MP: 3/3
   580 | D:1      | Found a faded altar of an unknown god.
   611 | D:1      | Found Difuniow's Magic Scroll Emporium.
   611 | D:1      | Found Oziow's Weapon Shop.
   691 | D:1      | Bought a scroll of noise for 12 gold pieces
  1021 | D:1      | Found Ucokh's Distillery.
  1052 | D:1      | Bought a potion of degeneration for 11 gold pieces
  1052 | D:1      | Bought a potion of heal wounds for 55 gold pieces
  1083 | D:1      | Found Byjeqoq's Distillery.
  1285 | D:1      | Reached XP level 3. HP: 15/26 MP: 4/4
  1412 | D:1      | Found Iwibb's Weapon Boutique.
  1480 | D:2      | Found an opulent altar of Gozag.
  1955 | D:2      | Reached XP level 4. HP: 20/33 MP: 5/5
  2396 | D:2      | Noticed Natasha
  2402 | D:2      | Killed Natasha
  2448 | D:2      | Noticed Natasha
  2454 | D:2      | Killed Natasha
  2487 | D:2      | Noticed Natasha
  2659 | D:1      | Killed Natasha
  2660 | D:1      | Reached XP level 5. HP: 18/42 MP: 6/6
  3398 | D:3      | Found a glowing drain.
  3560 | Sewer    | Entered a sewer
  3834 | Sewer    | Slain by a sickly merfolk siren

Illustrated notes

Levels and vault maps discovered:
D:1:      dpeg_arrival_ratfight, layout_loops_ring, basic_ecumenical_altar,
          serial_shops, nicolae_square_shop, shop_coins, nicolae_lakefront_shop,
          shop, nicolae_shop_stone
D:2:      layout_basic, basic_altar, uniq_natasha
D:3:      layout_rooms, serial_shops, nicolae_diamond_shop, portal_sewer_entry_e
Sewer:    sewer_sea

Skill      XL: |  1  2  3  4  5 |
---------------+----------------+-----
Throwing       | 3 4 |  4.0
Fighting       | 3 4 |  4.9
Dodging        | |  2.6
Spellcasting   | |  1.0
Hexes          | |  3.0

Action                   |  1- 3 |  4- 6 || total
-------------------------+-------+-------++-------
Melee: Unarmed           |    14 |       ||    14
       Dagger            |    73 |       ||    73
       Punch             |     1 |       ||     1
       Short sword       |    73 |    54 ||   127
       Rapier            |       |    83 ||    83
       Tailslap          |       |     3 ||     3
Throw: Javelin           |     4 |    13 ||    17
       Throwing net      |       |     2 ||     2
  Use: Scroll            |       |     4 ||     4
 Stab: Held in net/web   |       |     1 ||     1
Armor: Robe              |    23 |       ||    23
       Ring mail         |    13 |    23 ||    36
       Scale mail        |       |    33 ||    33
Dodge: Dodged            |    79 |    79 ||   158
